 Dungeon Crawl Stone Soup version 0.28-a0-1594-ga885d4b3d6 (webtiles) character file.

Game seed: 8776958450882748921

42 lonewolfV2 the Gusty (level 3, -1/14 HPs)
             Began as a Felid Air Elementalist on Jan 20, 2022.
             Frozen to death by an endoplasm (5 damage)
             ... on level 2 of the Dungeon.
             The game lasted 00:06:24 (2776 turns).

lonewolfV2 the Gusty (Felid Air Elementalist)       Turns: 2776, Time: 00:06:25

Health: -1/14      AC:  1    Str:  4    XL:     3   Next: 33%
Magic:  2/7        EV: 17    Int: 18    God:
Gold:   40         SH:  0    Dex: 16    Spells: 4/7 levels left
                                        Lives:  0   Deaths: 0

rFire   . . .      SeeInvis +   (weapon unavailable)
rCold   . . .      Faith    .   (shield unavailable)
rNeg    . . .      Spirit   .   (armour unavailable)
rPois   .          Reflect  .   (helmet unavailable)
rElec   .          Harm     .   (cloak unavailable)
rCorr   .          Rampage  .   (gloves unavailable)
Will    .....                   (boots unavailable)
Stlth   ++........              (no amulet)
HPRegen 0.04/turn               (no ring)
MPRegen 0.10/turn               (no ring)

@: quick
A: very small, claws 1, fangs 3, see invisible, speed 1, shaggy fur 1, stealthy
paws, no weapons or thrown items, no armour, multi-lived
a: no special abilities


You were on level 2 of the Dungeon.
You visited 1 branch of the dungeon, and saw 2 of its levels.

You collected 40 gold pieces.

Inventory:

Scrolls
 c - a scroll of identify {unknown}
Potions
 a - a potion of might {unknown}
 b - a potion of heal wounds {unknown}


   Skills:
 + Level 3.1 Dodging
 + Level 3.0 Stealth
 + Level 0.1 Unarmed Combat
 + Level 2.5 Spellcasting
 + Level 1.2 Conjurations
 + Level 3.2 Air Magic


You had 4 spell levels left.
You knew the following spells:

 Your Spells              Type           Power      Damage    Failure   Level
a - Shock                 Conj/Air       40%        1d5       7%          1
b - Static Discharge      Conj/Air       10%        N/A       11%         2

Your spell library contained the following spells:

 Spells                   Type           Power      Damage    Failure   Level
 Swiftness                Air            13%        N/A       14%         3
 Beastly Appendage        Tmut           4%         N/A       17%         1
 Wereblood                Tmut           2%         N/A       26%         2
 Airstrike                Air            6%         N/A       41%         4
 Spider Form              Tmut/Pois      2%         N/A       45%         3


Dungeon Overview and Level Annotations

Branches:
Dungeon (2/15)

Altars:

Shops:
D:1 *?[?


Innate Abilities, Weirdness & Mutations

You have sharp claws.
You have razor-sharp teeth.
You have supernaturally acute eyesight. (SInv)
You cover ground quickly. (Speed+)
You are covered in fur. (AC +1)
Your paws help you pounce on unaware monsters.
You are incapable of wielding weapons or throwing items.
You cannot wear armour.
You gain extra lives every three experience levels.


Message History

Confirm with . or Enter, or press ? or * to list all spells.
You don't have enough magic to cast this spell.
Unknown command.
Casting: Static Discharge (safe; 11% risk of failure)
Confirm with . or Enter, or press ? or * to list all spells.
Aiming: Shock (safe; 7% risk of failure)
Press: ? - help, Shift-Dir - straight line, f - jackal
Aim: a jackal (almost dead, 60% to hit)
The zap misses the jackal.
The jackal misses you. The endoplasm misses you.
You scratch the endoplasm.
The endoplasm is almost dead.
The jackal closely misses you. x2
The endoplasm hits you but does no damage.
You completely miss the endoplasm.
The endoplasm is almost dead.
The jackal closely misses you. The endoplasm misses you.
You scratch the endoplasm.
You kill the endoplasm!
The jackal barely misses you. The jackal bites you.
* * * LOW HITPOINT WARNING * * *
The jackal completely misses you.
You scratch the jackal but do no damage.
The jackal is almost dead.
The jackal barely misses you.
You scratch the jackal but do no damage.
You bite the jackal.
You kill the jackal!
You see here a jackal corpse.
You start resting.
An endoplasm is nearby!
An endoplasm is nearby!
An endoplasm is nearby!
An endoplasm is nearby!
You see here a jackal corpse.
You catch the helpless endoplasm completely off-guard!
You scratch the endoplasm.
The endoplasm is almost dead.
The endoplasm freezes you.
You are frozen.
You die...

#.#†...^...... ...
+..#...####### ##.#
#..##..####### .#
.#####..'..........
#
........##..######.
......†.....#
##......†...#
#..........######
######...@>......
#...J.......
#...........
####........
#########


You could see an endoplasm.

Vanquished Creatures
  A gnoll (D:1)
  2 dart slugs (D:1)
  2 endoplasms (D:2)
  A giant cockroach (D:2)
  3 goblins
  5 jackals (D:2)
  3 kobolds
  A quokka (D:1)
  3 ball pythons
  2 bats
  A frilled lizard (D:1)
  A rat (D:1)
25 creatures vanquished.

Notes
Turn   | Place    | Note
-------+----------+-------------------------------------------
     0 | D:1      | lonewolfV2 the Felid Air Elementalist began the quest for
                  | the Orb.
     0 | D:1      | Reached XP level 1. HP: 7/7 MP: 4/4
   910 | D:1      | Reached XP level 2. HP: 1/11 MP: 0/6
  1458 | D:1      | Found Ylacuk's Magic Scroll Shoppe.
  1542 | D:1      | Found Irysikhi's Armour Emporium.
  1583 | D:1      | Reached skill level 1 in Conjurations
  1599 | D:1      | Found Izontaos's Magic Scroll Emporium.
  1620 | D:1      | Found Wynuzal's Assorted Antiques.
  2252 | D:1      | Reached XP level 3. HP: 3/14 MP: 2/7
  2610 | D:2      | Learned a level 2 spell: Static Discharge
  2776 | D:2      | Frozen to death by an endoplasm

Illustrated notes

Levels and vault maps discovered:
D:1:      dpeg_arrival_radiant, layout_basic, serial_shops, nicolae_shop_trees,
          nicolae_shop_behind_doors, nicolae_shop_trees, shop_statue
D:2:      layout_basic, ebering_ecumenical_altar_rust, minmay_misc_feat_room

Skill      XL: |  1  2 |
---------------+-------+-----
Air Magic      | 3 |  3.2
Dodging        | 3 |  3.1
Conjurations   | 1 |  1.2
Stealth        | 3 |  3.0
Unarmed Combat | |  0.1
Spellcasting   | |  2.5

Action                   || total
-------------------------++-------
Melee: Unarmed           ||    35
       Bite              ||     4
       Punch             ||     2
 Cast: Shock             ||    36
       Static Discharge  ||     3
  Use: Scroll            ||     2
 Stab: Distracted        ||     1
Armor: Skin              ||    18
Dodge: Dodged            ||    96

Table legend: (Time is in decaauts)
 A = Elapsed time spent in this place.
 B = Non-inter-level travel time spent in this place.
 C = Inter-level travel time spent in this place.
 D = Time resting spent in this place.
 E = Time spent auto-exploring this place.
 F = Levels seen in this place.
 G = Mean time per level.
                   A        B        C        D        E       F      G
               +--------+--------+--------+--------+--------+-----+--------+
         Total |   2605 |   2575 |     30 |   1612 |    732 |   2 | 1302.5 |
       Dungeon |   2605 |   2575 |     30 |   1612 |    732 |   2 | 1302.5 |
               +--------+--------+--------+--------+--------+-----+--------+

Top non-repeatable levels by time:
     D:1: 1567 daAuts
     D:2: 1038 daAuts
